[Event "DVM U12w 2023"]
[Site "Magdeburg"]
[Date "2023.12.27"]
[Round "1"]
[White "Burchardi, Helena"]
[Black "Korwitz, Pauline"]
[Result "1/2-1/2"]
[WhiteElo "1370"]
[BlackElo "1219"]
[PlyCount "80"]
[EventDate "2022.12.27"]
[EventType "team-tourn"]
[EventRounds "7"]
[EventCountry "GER"]
[TimeControl "40/5400+30:1800+30"]
[WhiteClock "0:38:01"]
[BlackClock "0:25:22"]

1. e4 c5 2. Nf3 d6 3. d4 cxd4 4. Nxd4 Nf6 5. Nc3 a6 6. Bg5 g6 7. Qf3 Bg7 8. Be2 Nbd7 9. O-O O-O 10. Qe3 Qb6 11. Nb3 Qxe3 12. Bxe3 Ne5 13. f4 Neg4 14. Bd2 b5 15. a3 Bb7 16. Bf3 Rab8 17. Rae1 Nh6 18. Na5 Ba8 19. Na2 Nd7 20. g4 Bd4+ 21. Be3 Bxe3+ 22. Rxe3 f6 23. Nb4 Nc5 24. Nd5 Rfe8 25. Nc7 Rec8 26. Nxa8 Rxa8 27. b4 Nd7 28. e5 Ra7 29. exd6 exd6 30. Bd5+ Kf8 31. Be6 Re8 32. Rfe1 Rc7 33. R1e2 Nb8 34. g5 fxg5 35. fxg5 Nf7 36. Rf3 Rce7 37. Ref2 Rxe6 38. Rxf7+ Kg8 39. Rc7 Re5 40. h4 Re4 {[%emt 0:01:14] normal} 1/2-1/2

[Event "DVM U12w 2023"]
[Site "Magdeburg"]
[Date "2023.12.27"]
[Round "1"]
[White "Will, Elina"]
[Black "Gerth, Lydia"]
[Result "1-0"]
[WhiteElo "1325"]
[BlackElo "1214"]
[PlyCount "117"]
[EventDate "2022.12.27"]
[EventType "team-tourn"]
[EventRounds "7"]
[EventCountry "GER"]
[TimeControl "40/5400+30:1800+30"]
[WhiteClock "1:37:36"]
[BlackClock "0:53:48"]

1. e4 e6 2. d4 d5 3. exd5 exd5 4. Bd3 Bd6 5. Nf3 Nf6 6. Bg5 h6 7. Bxf6 Qxf6 8. Nbd2 O-O 9. O-O Bg4 10. c3 Nc6 11. Qb3 Ne7 12. h3 Bc8 13. Rfe1 c6 14. Re2 Rb8 15. Rae1 b5 16. Qc2 Bf5 17. Bxf5 Nxf5 18. Ne5 Rb7 19. Ndf3 Rc7 20. Qd3 a6 21. b4 Ra8 22. Ng4 Qg6 23. Re8+ Rxe8 24. Rxe8+ Bf8 25. Ra8 Nh4 26. Qxg6 Nxf3+ 27. gxf3 fxg6 28. Ne5 g5 29. Rxa6 Bd6 30. Nxc6 Rb7 31. Na5 Rd7 32. Rb6 Bc7 33. Rxb5 Kf8 34. a4 Ke8 35. Nc6 Rd6 36. Ne5 Ke7 37. a5 h5 38. Rb7 Ra6 39. Rxc7+ Kd6 40. Rxg7 g4 41. fxg4 hxg4 42. Rg6+ Kc7 43. Rxa6 gxh3 44. Kh2 Kb7 45. Rd6 Kc7 46. Rxd5 Kb7 47. Kxh3 Ka6 48. c4 Kb7 49. b5 Kc7 50. a6 Kb6 51. Rd6+ Ka7 52. Nc6+ Kb6 53. d5 Kc7 54. Rh6 Kb6 55. a7 Kb7 56. Rh8 Kb6 57. a8=Q Kc7 58. Qb8+ Kd7 59. Rh7# {[%emt 0:00:26] normal} 1-0

[Event "DVM U12w 2023"]
[Site "Magdeburg"]
[Date "2023.12.27"]
[Round "1"]
[White "Shynkar, Daria"]
[Black "Mersmann, Jasmin"]
[Result "1/2-1/2"]
[WhiteElo "1316"]
[BlackElo "1131"]
[PlyCount "74"]
[EventDate "2022.12.27"]
[EventType "team-tourn"]
[EventRounds "7"]
[EventCountry "GER"]
[TimeControl "40/5400+30:1800+30"]
[WhiteClock "0:31:37"]
[BlackClock "0:52:18"]

1. d4 d5 2. c4 dxc4 3. Nf3 Bg4 4. Ne5 Bf5 5. Nc3 Nd7 6. Nxd7 Qxd7 7. e4 Bg6 8. Bxc4 e6 9. O-O Bb4 10. Re1 O-O-O 11. Bg5 Nf6 12. e5 h6 13. Be3 Ne4 14. Qb3 Ba5 15. Red1 c6 16. Nxe4 Bxe4 17. Qa4 Qc7 18. b4 b5 19. Bxb5 cxb5 20. Qxa5 Qxa5 21. bxa5 Kb7 22. f3 Bd5 23. Rdb1 Bc4 24. a4 Rd5 25. axb5 Rxb5 26. Rxb5+ Bxb5 27. Rd1 Rd8 28. Kf2 Ka6 29. Ra1 Rd5 30. f4 Bd7 31. h3 Rxa5 32. Rxa5+ Kxa5 33. d5 exd5 34. Bxa7 Kb5 35. Ke3 Kc4 36. Bd4 h5 37. Bb6 g6 {[%emt 0:00:23] normal} 1/2-1/2

[Event "DVM U12w 2023"]
[Site "Magdeburg"]
[Date "2023.12.27"]
[Round "1"]
[White "Winkler, Frida"]
[Black "Busch, Lara Sophie"]
[Result "1-0"]
[WhiteElo "1298"]
[BlackElo "1330"]
[PlyCount "107"]
[EventDate "2022.12.27"]
[EventType "team-tourn"]
[EventRounds "7"]
[EventCountry "GER"]
[TimeControl "40/5400+30:1800+30"]
[WhiteClock "1:07:01"]
[BlackClock "0:49:24"]

1. e4 e5 2. Nf3 Nc6 3. Bc4 Bc5 4. O-O Nf6 5. d4 Bxd4 6. Nxd4 Nxd4 7. Bg5 h6 8. Bh4 b5 9. Bd3 a6 10. Nd2 Bb7 11. Nf3 Nxf3+ 12. Qxf3 g5 13. Bg3 d6 14. Rfe1 Qe7 15. c4 h5 16. h3 g4 17. Qf5 h4 18. Bh2 gxh3 19. Qxh3 bxc4 20. Bxc4 Nxe4 21. Qf3 Nc5 22. Bd5 Bxd5 23. Qxd5 Qd8 24. Rxe5+ dxe5 25. Qxe5+ Ne6 26. Qxh8+ Nf8 27. Re1+ Kd7 28. Rd1+ Ke7 29. Qxh4+ f6 30. Rxd8 Rxd8 31. Bxc7 Rd7 32. Bb6 Ne6 33. g4 Ng5 34. Qg3 Kf7 35. Be3 Ne4 36. Qf4 Ng5 37. Kg2 Kg7 38. Bd4 Rxd4 39. Qxd4 Nf7 40. Qa7 a5 41. Qxa5 Ne5 42. b4 Nxg4 43. b5 Ne5 44. b6 Kg6 45. b7 Nc6 46. Qc7 Nb4 47. b8=Q Na6 48. Qg3+ Kf5 49. Qb5+ Nc5 50. Qxc5+ Ke6 51. Qgd6+ Kf7 52. Qh5+ Kg7 53. Qe7+ Kg8 54. Qhh7# {[%emt 0:00:39] normal} 1-0

[Event "DVM U12w 2023"]
[Site "Magdeburg"]
[Date "2023.12.27"]
[Round "1"]
[White "Fruth, Julia"]
[Black "John, Linnea"]
[Result "1/2-1/2"]
[WhiteElo "1296"]
[BlackElo "1393"]
[PlyCount "48"]
[EventDate "2022.12.27"]
[EventType "team-tourn"]
[EventRounds "7"]
[EventCountry "GER"]
[TimeControl "40/5400+30:1800+30"]
[WhiteClock "0:12:57"]
[BlackClock "0:11:21"]

1. e4 c5 2. Nf3 Nc6 3. Bb5 e6 4. Bxc6 bxc6 5. d3 d5 6. O-O Be7 7. Re1 Nf6 8. Nc3 O-O 9. exd5 cxd5 10. d4 Bd7 11. Be3 Ng4 12. Qe2 Qc7 13. dxc5 Nxe3 14. Qxe3 Bxc5 15. Qd3 Qb6 16. Re2 Qxb2 17. Rb1 Qa3 18. Ng5 g6 19. Qh3 h5 20. Qd3 Qa5 21. Ree1 Bb4 22. Rb3 Ba4 23. a3 Be7 24. Nxe6 fxe6 {[%emt 0:03:05] normal} 1/2-1/2

[Event "DVM U12w 2023"]
[Site "Magdeburg"]
[Date "2023.12.27"]
[Round "1"]
[White "Grunert, Greta"]
[Black "Stepanova, Anhelina"]
[Result "1-0"]
[WhiteElo "1288"]
[BlackElo "1172"]
[PlyCount "65"]
[EventDate "2022.12.27"]
[EventType "team-tourn"]
[EventRounds "7"]
[EventCountry "GER"]
[TimeControl "40/5400+30:1800+30"]
[WhiteClock "0:08:21"]
[BlackClock "0:55:13"]

1. e4 e6 2. d4 d5 3. Nd2 c5 4. Ngf3 Nc6 5. Bb5 Bd7 6. dxc5 Bxc5 7. O-O a6 8. Ba4 Nge7 9. Re1 O-O 10. c3 b5 11. Bc2 Qb6 12. Re2 Ng6 13. Nb3 Nce7 14. Nxc5 Qxc5 15. Be3 Qc6 16. Qd3 Qb7 17. Bd2 b4 18. exd5 exd5 19. Rxe7 f6 20. Re3 Rac8 21. Bb3 Kh8 22. Bxd5 Qb8 23. Bb3 Rc7 24. cxb4 Bb5 25. Qd6 Rd8 26. Qg3 Qc8 27. Be6 Qb7 28. Rc3 Rxc3 29. Bxc3 Qe7 30. Re1 Nf8 31. Bb3 Qa7 32. Bxf6 Ng6 33. Bxd8 {[%emt 0:00:42] normal} 1-0

[Event "DVM U12w 2023"]
[Site "Magdeburg"]
[Date "2023.12.27"]
[Round "1"]
[White "Kuehne, Malin"]
[Black "Böhrer, Lea Marie"]
[Result "1-0"]
[WhiteElo "1264"]
[BlackElo "939"]
[PlyCount "73"]
[EventDate "2022.12.27"]
[EventType "team-tourn"]
[EventRounds "7"]
[EventCountry "GER"]
[TimeControl "40/5400+30:1800+30"]
[WhiteClock "1:10:46"]
[BlackClock "1:19:51"]

1. d4 d5 2. c4 Nf6 3. Nc3 Be6 4. cxd5 Nxd5 5. Nf3 Nxc3 6. bxc3 Bd5 7. e3 Nc6 8. c4 Be4 9. Bd3 f5 10. Bxe4 fxe4 11. Nd2 e5 12. d5 Na5 13. Qc2 b5 14. Qxe4 Qf6 15. O-O Bb4 16. cxb5 O-O 17. Qxb4 e4 18. Rb1 Nb7 19. Nxe4 Qf5 20. Ba3 Rf7 21. Qd4 c5 22. bxc6 Qc8 23. cxb7 Qd8 24. bxa8=Q Qxa8 25. d6 Qd8 26. Nc5 Rf8 27. Ne6 Qd7 28. Nxf8 Kxf8 29. Rb8+ Kf7 30. Qd5+ Kg6 31. Qe4+ Kf7 32. Qe7+ Qxe7 33. dxe7 Kf6 34. e8=Q g6 35. Qe7+ Kf5 36. Rb5+ Kg4 37. Qg5# {[%emt 0:00:48] normal} 1-0

[Event "DVM U12w 2023"]
[Site "Magdeburg"]
[Date "2023.12.27"]
[Round "1"]
[White "Roessling, Laura Marie"]
[Black "Oschinski, Mathilda"]
[Result "0-1"]
[WhiteElo "1232"]
[BlackElo "1155"]
[PlyCount "68"]
[EventDate "2022.12.27"]
[EventType "team-tourn"]
[EventRounds "7"]
[EventCountry "GER"]
[TimeControl "40/5400+30:1800+30"]
[WhiteClock "0:55:57"]
[BlackClock "0:15:43"]

1. e4 c5 2. Nf3 Nc6 3. d4 cxd4 4. Nxd4 g6 5. Nc3 Bg7 6. Be3 Nf6 7. f3 O-O 8. Qd2 d5 9. O-O-O a6 10. Nxc6 bxc6 11. exd5 Bb7 12. dxc6 Qxd2+ 13. Rxd2 Bxc6 14. Bc4 a5 15. Re2 e6 16. Bc5 Rfc8 17. Ba3 Bh6+ 18. Kb1 Rab8 19. Ba6 Rd8 20. Be7 Nd5 21. Nxd5 Rxd5 22. Bd3 Bb5 23. Bxb5 Rdxb5 24. Ba3 Bf8 25. Bxf8 Rxb2+ 26. Ka1 Kxf8 27. Rd1 Kg7 28. Red2 a4 29. c3 a3 30. c4 f5 31. c5 e5 32. c6 e4 33. fxe4 fxe4 34. c7 Rc8 {[%emt 0:00:38] normal} 0-1

[Event "DVM U12w 2023"]
[Site "Magdeburg"]
[Date "2023.12.27"]
[Round "1"]
[White "Berger, Jennifer"]
[Black "Ulianova, Anna"]
[Result "1/2-1/2"]
[WhiteElo "1210"]
[BlackElo "1036"]
[PlyCount "60"]
[EventDate "2022.12.27"]
[EventType "team-tourn"]
[EventRounds "7"]
[EventCountry "GER"]
[TimeControl "40/5400+30:1800+30"]
[WhiteClock "1:02:10"]

1. e4 e5 2. Nf3 Nc6 3. d4 exd4 4. Nxd4 Bc5 5. Nb3 Bb6 6. Bd3 Nf6 7. Bg5 h6 8. Bh4 d6 9. Nc3 Be6 10. O-O g5 11. Bg3 h5 12. h3 h4 13. Bh2 g4 14. hxg4 Nxg4 15. Bf4 h3 16. g3 Nf6 17. Re1 Ng4 18. Rf1 Qd7 19. Nd5 O-O-O 20. a4 a5 21. Nxb6+ cxb6 22. f3 Nf6 23. Be3 Rdg8 24. Bf2 Nh5 25. Kh2 f5 26. exf5 Bxf5 27. Bc4 Rg7 28. Qe2 d5 29. Ba6 Rhg8 30. Rg1 Qd6 {[%emt 0:50:33] normal} 1/2-1/2

[Event "DVM U12w 2023"]
[Site "Magdeburg"]
[Date "2023.12.27"]
[Round "1"]
[White "Briese, Sophie"]
[Black "Kuhlmann, Naya"]
[Result "1-0"]
[WhiteElo "1207"]
[BlackElo "1005"]
[PlyCount "79"]
[EventDate "2022.12.27"]
[EventType "team-tourn"]
[EventRounds "7"]
[EventCountry "GER"]
[TimeControl "40/5400+30:1800+30"]
[WhiteClock "0:41:47"]
[BlackClock "0:58:43"]

1. e4 e5 2. Nf3 Nc6 3. Bc4 Bc5 4. c3 Nf6 5. d4 exd4 6. e5 Ng8 7. cxd4 Bb6 8. Nc3 Nge7 9. O-O O-O 10. Qd3 d6 11. exd6 cxd6 12. Ng5 Bf5 13. Qd1 d5 14. Bd3 Nxd4 15. Bxf5 Ndxf5 16. Qd3 f6 17. Ne6 Qd6 18. Nxf8 Rxf8 19. Re1 Bc7 20. g3 Bb6 21. Bf4 Qc5 22. Re2 Nd4 23. Rd2 Nef5 24. Na4 Qb4 25. Nxb6 Qxb6 26. g4 Nh4 27. Kh1 Nhf3 28. Rdd1 Qe6 29. h3 f5 30. Qe3 Qf6 31. g5 Qg6 32. Rxd4 Qh5 33. Bh2 Qxh3 34. Qf4 Re8 35. Rdd1 Re4 36. Qg3 Qh5 37. Rxd5 Rh4 38. Qb8+ Kf7 39. Rd7+ Ke6 40. Qd6# {[%emt 0:00:57] normal} 1-0

[Event "DVM U12w 2023"]
[Site "Magdeburg"]
[Date "2023.12.27"]
[Round "1"]
[White "Mauhs, Helena"]
[Black "Nikitina, Alisa"]
[Result "1-0"]
[WhiteElo "1194"]
[BlackElo "1004"]
[PlyCount "33"]
[EventDate "2022.12.27"]
[EventType "team-tourn"]
[EventRounds "7"]
[EventCountry "GER"]
[TimeControl "40/5400+30:1800+30"]
[WhiteClock "1:30:19"]
[BlackClock "1:12:53"]

1. e4 e5 2. Nf3 Nc6 3. Bc4 Nf6 4. Nc3 Bc5 5. d3 d6 6. Bg5 Bg4 7. Nd5 O-O 8. Nxf6+ gxf6 9. Bh6 Re8 10. h3 Bh5 11. g4 Bg6 12. h4 Nd4 13. h5 Bxh5 14. gxh5 Rf8 15. Rg1+ Kh8 16. Bg7+ Kg8 17. Bxf6# {[%emt 0:00:16] normal} 1-0

[Event "DVM U12w 2023"]
[Site "Magdeburg"]
[Date "2023.12.27"]
[Round "1"]
[White "Albrecht, Sidney Jenna"]
[Black "Rafikova, Ailin"]
[Result "0-1"]
[WhiteElo "1188"]
[BlackElo "1399"]
[PlyCount "64"]
[EventDate "2022.12.27"]
[EventType "team-tourn"]
[EventRounds "7"]
[EventCountry "GER"]
[TimeControl "40/5400+30:1800+30"]
[WhiteClock "0:38:37"]
[BlackClock "0:17:41"]

1. c4 Nf6 2. Nc3 g6 3. g3 Bg7 4. Bg2 d6 5. d4 O-O 6. Nf3 Nbd7 7. O-O c5 8. e3 Rb8 9. Re1 a6 10. Qd3 Ne8 11. dxc5 Nxc5 12. Qd1 b6 13. Nd4 Bb7 14. Nc6 Bxc6 15. Bxc6 e6 16. Qd2 Qc7 17. Bg2 Nf6 18. Qd4 Nfe4 19. Qd1 Nxc3 20. bxc3 Bxc3 21. Bd2 Bxa1 22. Qxa1 Nd3 23. Rf1 Qxc4 24. e4 e5 25. f4 Qc5+ 26. Kh1 Nf2+ 27. Rxf2 Qxf2 28. Bc3 f6 29. Bf1 Rbc8 30. Bxa6 Qf3+ 31. Kg1 Qxc3 32. Qxc3 Rxc3 {[%emt 0:00:05] normal} 0-1

[Event "DVM U12w 2023"]
[Site "Magdeburg"]
[Date "2023.12.27"]
[Round "1"]
[White "Ruddat, Maila"]
[Black "Hofmeier, Viktoria"]
[Result "1/2-1/2"]
[WhiteElo "1187"]
[BlackElo "1408"]
[PlyCount "97"]
[EventDate "2022.12.27"]
[EventType "team-tourn"]
[EventRounds "7"]
[EventCountry "GER"]
[TimeControl "40/5400+30:1800+30"]
[WhiteClock "1:08:30"]
[BlackClock "1:19:37"]

1. e4 e5 2. Nf3 Nc6 3. d4 exd4 4. Bc4 Nf6 5. O-O Bc5 6. Re1 O-O 7. Bg5 Be7 8. Nxd4 d5 9. exd5 Nxd5 10. Bxd5 Nxd4 11. Bxe7 Qxd5 12. Bxf8 Kxf8 13. c3 Bf5 14. Qxd4 Qc6 15. h3 Kg8 16. Qe5 Be6 17. Nd2 h6 18. Nf3 Rd8 19. Rad1 Re8 20. Qg3 Qb6 21. b3 Qa5 22. Nd4 Qxa2 23. Nxe6 fxe6 24. Qxc7 Rf8 25. f3 Qxb3 26. Rd7 Qb6+ 27. Qxb6 axb6 28. Rxe6 Rc8 29. Rxb7 Rxc3 30. Rexb6 Rc1+ 31. Kh2 Rc5 32. Ra6 Kh7 33. Raa7 Rg5 34. h4 Rg6 35. g4 Kh8 36. Kg3 h5 37. Kh3 hxg4+ 38. fxg4 Kh7 39. h5 Rg5 40. Kh4 Re5 41. Rxg7+ Kh8 42. Rgd7 Re8 43. h6 Kg8 44. g5 Re4+ 45. Kh5 Re8 46. h7+ Kh8 47. g6 Re5+ 48. Kh6 Rh5+ 49. Kxh5 {[%emt 0:01:54] normal} 1/2-1/2

[Event "DVM U12w 2023"]
[Site "Magdeburg"]
[Date "2023.12.27"]
[Round "1"]
[White "Daaboul, Dima"]
[Black "Gelbach, Amelia"]
[Result "1-0"]
[WhiteElo "1184"]
[BlackElo "841"]
[PlyCount "57"]
[EventDate "2022.12.27"]
[EventType "team-tourn"]
[EventRounds "7"]
[EventCountry "GER"]
[TimeControl "40/5400+30:1800+30"]
[WhiteClock "0:45:32"]
[BlackClock "1:18:05"]

1. e4 e5 2. Nf3 Nc6 3. Bc4 Nf6 4. Nc3 Bb4 5. d3 Bxc3+ 6. bxc3 h6 7. O-O O-O 8. Re1 d6 9. h3 Bd7 10. Be3 Re8 11. Qe2 Be6 12. Bb5 Qd7 13. Red1 a6 14. Ba4 b5 15. Bb3 Bxb3 16. cxb3 Rab8 17. c4 b4 18. Rac1 Qe6 19. c5 dxc5 20. Rxc5 Nd7 21. Rc2 Rb5 22. Rdc1 Ne7 23. Rxc7 Nf6 24. Bc5 Ng6 25. Be3 Nf4 26. Bxf4 exf4 27. R1c6 Qe7 28. Rxe7 Rxe7 29. Rxa6 {[%emt 0:00:06] normal} 1-0

[Event "DVM U12w 2023"]
[Site "Magdeburg"]
[Date "2023.12.27"]
[Round "1"]
[White "Subocz, Barbara"]
[Black "Strahl, Nele"]
[Result "1-0"]
[WhiteElo "1169"]
[BlackElo "783"]
[PlyCount "113"]
[EventDate "2022.12.27"]
[EventType "team-tourn"]
[EventRounds "7"]
[EventCountry "GER"]
[TimeControl "40/5400+30:1800+30"]
[WhiteClock "1:04:53"]
[BlackClock "0:47:36"]

1. e4 e5 2. f4 Nc6 3. Nf3 exf4 4. Nc3 Nf6 5. d4 d6 6. Bxf4 Be7 7. Bc4 O-O 8. O-O Bg4 9. h3 Bh5 10. Qd3 Re8 11. Rad1 Nb4 12. Qd2 d5 13. exd5 Nfxd5 14. Nxd5 Nxd5 15. Bg3 h6 16. Qd3 Bg5 17. Bxd5 Qxd5 18. Rde1 Qxa2 19. Nxg5 hxg5 20. Qb5 f6 21. Rxe8+ Rxe8 22. Qxb7 Kf8 23. Qxc7 Qxb2 24. Qa5 Qxc2 25. Qxg5 Re2 26. Bd6+ Kg8 27. Qxh5 Qe4 28. Qg4 Qxg4 29. hxg4 a5 30. d5 Rd2 31. Ra1 Rxd5 32. Bc7 Rg5 33. Bxa5 Rxg4 34. Kh2 f5 35. Rf1 g6 36. Kh3 Kh7 37. Bd2 g5 38. Rxf5 Rh4+ 39. Kg3 Rd4 40. Bc1 Kg6 41. Rxg5+ Kh6 42. Rg4+ Rf4 43. Bxf4+ Kh5 44. Rg5+ Kh6 45. Kg4 Kh7 46. Ra5 Kg7 47. Ra6 Kf7 48. Kg5 Ke7 49. Kf5 Kd7 50. Ke5 Kc7 51. g4 Kd7 52. g5 Ke8 53. Ra7 Kf8 54. Ke6 Kg8 55. Kf6 Kh8 56. Kg6 Kg8 57. Ra8# {[%emt 0:00:04] normal} 1-0

[Event "DVM U12w 2023"]
[Site "Magdeburg"]
[Date "2023.12.27"]
[Round "1"]
[White "Piffczyk, Sandra"]
[Black "Yamshchikova, Oleksandra"]
[Result "0-1"]
[WhiteElo "1105"]
[BlackElo "956"]
[PlyCount "40"]
[EventDate "2022.12.27"]
[EventType "team-tourn"]
[EventRounds "7"]
[EventCountry "GER"]
[TimeControl "40/5400+30:1800+30"]
[WhiteClock "1:08:43"]
[BlackClock "1:30:40"]

1. e4 e5 2. Nf3 Nc6 3. Nc3 Nf6 4. Bb5 d6 5. d3 a6 6. Ba4 b5 7. Bb3 Be6 8. Bg5 Be7 9. Qd2 h6 10. Bh4 g5 11. Bg3 g4 12. Nh4 Nh5 13. Nf5 Bg5 14. Qe2 Nxg3 15. hxg3 h5 16. Ng7+ Ke7 17. Nxe6 fxe6 18. Rxh5 Rxh5 19. Qxg4 Rh1+ 20. Ke2 Nd4# {[%emt 0:00:37] normal} 0-1

[Event "DVM U12w 2023"]
[Site "Magdeburg"]
[Date "2023.12.27"]
[Round "1"]
[White "Schmidt Guevara, Daniela"]
[Black "Satheesh, Yazhini"]
[Result "1/2-1/2"]
[WhiteElo "1083"]
[BlackElo "859"]
[PlyCount "47"]
[EventDate "2022.12.27"]
[EventType "team-tourn"]
[EventRounds "7"]
[EventCountry "GER"]
[TimeControl "40/5400+30:1800+30"]
[WhiteClock "1:06:37"]
[BlackClock "1:11:18"]

1. e4 e5 2. Nf3 Nc6 3. Bc4 Bc5 4. Nc3 Nf6 5. d3 d6 6. Bg5 h6 7. Bh4 g5 8. Bg3 Bg4 9. h3 Bh5 10. a3 Nd4 11. b4 Bb6 12. Nb5 Nxf3+ 13. gxf3 Qd7 14. Qe2 O-O-O 15. O-O-O a6 16. Nc3 Bd4 17. Nb1 Qa4 18. Bb3 Qc6 19. h4 g4 20. c3 Bxc3 21. Nxc3 Qxc3+ 22. Qc2 Qxc2+ 23. Bxc2 gxf3 24. d4 {[%emt 0:03:40] normal} 1/2-1/2

[Event "DVM U12w 2023"]
[Site "Magdeburg"]
[Date "2023.12.27"]
[Round "1"]
[White "Shakhimardanova, Nigina"]
[Black "Kuebart, Ela Marie"]
[Result "1-0"]
[WhiteElo "1067"]
[BlackElo "1325"]
[PlyCount "59"]
[EventDate "2022.12.27"]
[EventType "team-tourn"]
[EventRounds "7"]
[EventCountry "GER"]
[TimeControl "40/5400+30:1800+30"]
[WhiteClock "1:28:30"]
[BlackClock "0:59:25"]

1. e4 e6 2. d4 d5 3. exd5 exd5 4. Nf3 Nf6 5. Be2 Be7 6. O-O O-O 7. Bg5 Bf5 8. Nc3 Re8 9. Qd2 Ne4 10. Nxe4 dxe4 11. Bxe7 Qxe7 12. Ne5 c5 13. c3 f6 14. Ng4 Bxg4 15. Bxg4 c4 16. f3 e3 17. Qe2 b5 18. f4 Qe4 19. Bf3 Qd3 20. Rae1 Qxe2 21. Rxe2 Na6 22. Bxa8 Rxa8 23. Rxe3 b4 24. Rfe1 Kf7 25. Re7+ Kg6 26. Re8 Rxe8 27. Rxe8 bxc3 28. bxc3 Nc7 29. Rc8 Ne6 30. g3 {[%emt 0:00:07] normal} 1-0

[Event "DVM U12w 2023"]
[Site "Magdeburg"]
[Date "2023.12.27"]
[Round "1"]
[White "Roessler, Helena"]
[Black "Wolf, Helena"]
[Result "1/2-1/2"]
[WhiteElo "1060"]
[BlackElo "1188"]
[PlyCount "45"]
[EventDate "2022.12.27"]
[EventType "team-tourn"]
[EventRounds "7"]
[EventCountry "GER"]
[TimeControl "40/5400+30:1800+30"]
[WhiteClock "0:24:56"]
[BlackClock "0:23:07"]

1. Nf3 d5 2. g3 Nf6 3. Bg2 Bf5 4. O-O e6 5. d3 Nc6 6. Nbd2 Bc5 7. Re1 O-O 8. c4 Re8 9. a3 a5 10. b3 Ng4 11. Rf1 Qe7 12. Bb2 Rad8 13. Qc2 d4 14. h3 Nf6 15. Rfd1 e5 16. Ne4 Nxe4 17. dxe4 Bg6 18. Nh4 Rf8 19. Nf5 Qf6 20. Qd3 Bxf5 21. exf5 Rfe8 22. Qe4 Re7 23. Rd3 {[%emt 0:04:22] normal} 1/2-1/2

[Event "DVM U12w 2023"]
[Site "Magdeburg"]
[Date "2023.12.27"]
[Round "1"]
[White "Prasannavenkatesan, Ananya"]
[Black "Schirmbeck, Lilian"]
[Result "0-1"]
[WhiteElo "1045"]
[BlackElo "1585"]
[PlyCount "98"]
[EventDate "2022.12.27"]
[EventType "team-tourn"]
[EventRounds "7"]
[EventCountry "GER"]
[TimeControl "40/5400+30:1800+30"]
[WhiteClock "1:08:46"]
[BlackClock "0:27:20"]

1. e4 c6 2. d4 d5 3. exd5 cxd5 4. Nf3 Nc6 5. Bb5 Nf6 6. Nc3 Bg4 7. h3 Bh5 8. Qd3 Bg6 9. Qd2 e6 10. Ne5 Qb6 11. O-O Bb4 12. Bxc6+ bxc6 13. a3 Bd6 14. Re1 O-O 15. Na4 Qc7 16. Nxg6 hxg6 17. Qd3 Rab8 18. Rb1 Rfc8 19. Bg5 Ne4 20. Be3 Qa5 21. Nc5 Bxc5 22. dxc5 Nxc5 23. Bxc5 Qxc5 24. b4 Qb6 25. c4 Qa6 26. b5 dxc4 27. Qxc4 cxb5 28. Qe2 Qa4 29. Qf3 a6 30. Rb4 Qa5 31. Rd1 Qc7 32. Rb3 Qc6 33. Qg3 Rb7 34. Rd6 Qc1+ 35. Kh2 a5 36. Rbd3 Rbb8 37. Qh4 Qc7 38. g3 b4 39. Rd7 Qb6 40. Kg2 Rf8 41. axb4 axb4 42. R7d6 Qb7+ 43. Kh2 b3 44. Qc4 b2 45. Rd1 b1=Q 46. Rxb1 Qxb1 47. Rd7 Qb5 48. Qd4 Qf1 49. Qd2 Rb1 {[%emt 0:00:23] normal} 0-1

[Event "DVM U12w 2023"]
[Site "Magdeburg"]
[Date "2023.12.27"]
[Round "1"]
[White "Lao, Theodora Siyuan"]
[Black "Sauermann, Paula"]
[Result "1-0"]
[WhiteElo "1044"]
[BlackElo "754"]
[PlyCount "109"]
[EventDate "2022.12.27"]
[EventType "team-tourn"]
[EventRounds "7"]
[EventCountry "GER"]
[TimeControl "40/5400+30:1800+30"]
[WhiteClock "1:34:03"]
[BlackClock "1:18:06"]

1. e4 e5 2. Nc3 Nc6 3. g3 Bc5 4. Bg2 Nf6 5. Nge2 d6 6. O-O Be6 7. d3 O-O 8. Be3 Ng4 9. Bxc5 dxc5 10. Re1 Re8 11. Nd5 Bxd5 12. exd5 Ne7 13. Nc3 Nf6 14. Rxe5 Qd6 15. Qe2 Nexd5 16. Rxe8+ Rxe8 17. Qd2 Nxc3 18. Qxc3 b6 19. Re1 Rxe1+ 20. Qxe1 h6 21. a3 a5 22. Qd2 g5 23. c3 b5 24. b4 cxb4 25. cxb4 axb4 26. axb4 c5 27. bxc5 Qxc5 28. Qb2 b4 29. Qxf6 Qb5 30. Be4 b3 31. d4 b2 32. d5 b1=Q+ 33. Bxb1 Qxb1+ 34. Kg2 Qe4+ 35. Qf3 Qxf3+ 36. Kxf3 Kf8 37. Ke4 Ke7 38. Ke5 f6+ 39. Kf5 h5 40. h3 h4 41. gxh4 gxh4 42. Kg4 Kd6 43. Kxh4 Kxd5 44. Kg4 Ke5 45. h4 f5+ 46. Kg5 f4 47. h5 Ke4 48. h6 f3 49. h7 Kd3 50. h8=Q Ke2 51. Qb2+ Kf1 52. Kf4 Kg1 53. Kxf3 Kh2 54. Qe5+ Kh3 55. Qg3# {[%emt 0:00:14] normal} 1-0

[Event "DVM U12w 2023"]
[Site "Magdeburg"]
[Date "2023.12.27"]
[Round "1"]
[White "Weißleder, Emia"]
[Black "Noennig, Lotte"]
[Result "0-1"]
[WhiteElo "1041"]
[BlackElo "1345"]
[PlyCount "66"]
[EventDate "2022.12.27"]
[EventType "team-tourn"]
[EventRounds "7"]
[EventCountry "GER"]
[TimeControl "40/5400+30:1800+30"]
[WhiteClock "0:54:06"]
[BlackClock "1:20:49"]

1. d4 d5 2. Nc3 Bf5 3. Bf4 e6 4. Qd2 Nc6 5. e3 Qd7 6. Nf3 Bb4 7. Bb5 Nge7 8. Ne5 Qd8 9. O-O-O f6 10. Nxc6 Nxc6 11. Bd3 Bxd3 12. Qxd3 Qd7 13. Nb5 Ba5 14. Qa3 a6 15. Nd6+ cxd6 16. Bxd6 O-O-O 17. e4 Qxd6 18. Qa4 Qb4 19. Qb3 Qxb3 20. cxb3 dxe4 21. Kb1 Rxd4 22. Rxd4 Nxd4 23. Rc1+ Kb8 24. b4 Bb6 25. a4 Rc8 26. a5 Rxc1+ 27. Kxc1 Ba7 28. Kd2 Nc6 29. Kc3 Bxf2 30. Kc4 Be1 31. b5 axb5+ 32. Kxb5 Bxa5 33. Kc5 e3 {[%emt 0:00:14] normal} 0-1

[Event "DVM U12w 2023"]
[Site "Magdeburg"]
[Date "2023.12.27"]
[Round "1"]
[White "Funke, Luise"]
[Black "Lehmann, Clara Theres"]
[Result "1-0"]
[WhiteElo "1018"]
[BlackElo "781"]
[PlyCount "105"]
[EventDate "2022.12.27"]
[EventType "team-tourn"]
[EventRounds "7"]
[EventCountry "GER"]
[TimeControl "40/5400+30:1800+30"]
[WhiteClock "0:45:24"]
[BlackClock "0:12:21"]

1. e4 e5 2. Nf3 Nc6 3. Bc4 Bc5 4. c3 Qf6 5. d4 exd4 6. Bg5 Qd6 7. b4 Bb6 8. b5 Na5 9. Bd5 dxc3 10. Nxc3 Qc5 11. Qd2 c6 12. Na4 Qxb5 13. Nc3 Qc5 14. Be3 Qb4 15. a3 Qd6 16. Bxf7+ Ke7 17. Bg5+ Nf6 18. Qxd6+ Kxd6 19. Rd1+ Kc7 20. Bf4+ Kd8 21. Bd6 Nc4 22. Bxc4 Re8 23. e5 Ng4 24. O-O Bxf2+ 25. Rxf2 Nxf2 26. Kxf2 Re7 27. Bxe7+ Kxe7 28. Rd6 b5 29. Bb3 a5 30. Nd4 b4 31. Nf5+ Ke8 32. axb4 axb4 33. Na4 Ba6 34. Nxg7+ Ke7 35. Nb6 Rf8+ 36. Kg3 Rb8 37. Rxd7+ Kf8 38. Rf7+ Kg8 39. Rb7+ Kf8 40. Ne6+ Kg8 41. Rxb8+ Kf7 42. Nc7+ Kg6 43. Nxa6 h5 44. e6 Kg5 45. e7 h4+ 46. Kf2 Kg4 47. e8=Q h3 48. Qe6+ Kg5 49. Rg8+ Kf4 50. Rf8+ Kg5 51. Qxh3 c5 52. Qg3+ Kh5 53. Rh8# {[%emt 0:00:06] normal} 1-0